 Dungeon Crawl Stone Soup version 0.28.0-45-g0d030f2227 (webtiles) character file.

Game seed: 1026896076915396627

3350 VictoriousLee the Thaumaturge (level 10, -5/50 HPs)
             Began as a Gargoyle Earth Elementalist on Apr 5, 2022.
             Was an Initiate of Qazlal.
             Killed by an exploding killer bee (32 damage)
             ... ignited by their inner flame
             ... on level 7 of the Dungeon on Apr 13, 2022.
             The game lasted 00:46:24 (7337 turns).

VictoriousLee the Thaumaturge (GrEE)                Turns: 7337, Time: 00:46:28

Health: -5/50      AC: 12    Str: 13    XL:     10   Next: 3%
Magic:  22/22      EV: 12    Int: 25    God:    Qazlal [......]
Gold:   257        SH:  0    Dex: 16    Spells: 19/25 levels left

rFire   . . .      SeeInvis .   L - +2 flail (vorpal)
rCold   . . .      Faith    .   H - orb {light}
rNeg    + . .      Spirit   .   b - +0 robe
rPois   ∞          Reflect  .   (no helmet)
rElec   +          Harm     .   I - +0 cloak
rCorr   .          Rampage  .   (no gloves)
Will    .....                   K - +1 pair of boots
Stlth   +.........              d - amulet of the acrobat
HPRegen 0.16/turn               k - +6 ring of dexterity
MPRegen 0.18/turn               D - +6 ring of intelligence

@: glowing
A: sickness immunity, AC +7, negative energy resistance 1, electricity
resistance, torment resistance 1, petrification resistance
a: Renounce Religion


You were on level 7 of the Dungeon.
You worshipped Qazlal.
Qazlal was noncommittal.
You visited 2 branches of the dungeon, and saw 9 of its levels.
You also visited: Ossuary.

You collected 257 gold pieces.

Inventory:

Hand Weapons
 f - a +0 dagger
 p - a +0 whip
 t - a +2 mace of venom
 L - a +2 vorpal flail (weapon)
 P - a +0 morningstar
 Q - a +3 spear
Missiles
 a - 34 sling bullets
 c - 91 stones
 h - 126 arrows
 q - 2 boomerangs
Armour
 b - a +0 robe (worn)
 i - a +0 ring mail
 j - a +2 leather armour of poison resistance
 l - a +0 kite shield
 H - an orb of light (worn)
 I - a +0 cloak (worn)
 K - a +1 pair of boots (worn)
 R - +0 steam dragon scales
Magical Staves
 e - a staff of cold
Jewellery
 d - an amulet of the acrobat (around neck)
 k - a +6 ring of dexterity (left hand)
 o - a ring of fire
 D - a +6 ring of intelligence (right hand)
 F - a ring of flight
 N - a ring of flight
Wands
 J - a wand of iceblast (4)
 T - a wand of charming (9)
 U - a wand of digging (4)
Scrolls
 g - a scroll of enchant armour {unknown}
 r - 2 scrolls of enchant weapon {unknown}
 s - 3 scrolls of teleportation {unknown}
 u - 2 scrolls of torment {unknown}
 y - 3 scrolls of immolation
 z - 3 scrolls of magic mapping {unknown}
 A - 2 scrolls of summoning {unknown}
 E - 2 scrolls of brand weapon {unknown}
 O - a scroll of vulnerability {unknown}
 S - a scroll of identify
Potions
 m - 5 potions of curing
 n - 2 potions of flight
 v - a potion of cancellation {unknown}
 w - 4 potions of magic
 x - 2 potions of brilliance
 B - 2 potions of mutation
 C - a potion of lignification {unknown}
 G - a potion of resistance
 M - a potion of invisibility {unknown}


   Skills:
 + Level 7.2 Maces & Flails
 - Level 0.5(4.4) Staves
 - Level 1.5 Dodging
 - Level 2.1 Stealth
 - Level 8.0 Spellcasting
 - Level 7.0 Conjurations
 - Level 1.0 Transmutations
 - Level 7.0 Earth Magic


You had 19 spell levels left.
You knew the following spells:

 Your Spells              Type           Power      Damage    Failure   Level
a - Sandblast             Erth           90%        2d19      1%          1
b - Stone Arrow           Conj/Erth      90%        3d12      1%          3
c - Passwall              Tmut/Erth      25%        N/A       1%          2

Your spell library contained the following spells:

 Spells                   Type           Power      Damage    Failure   Level
 Corpse Rot               Necr/Air       20%        N/A       9%          2
 Poisonous Vapours        Pois/Air       20%        N/A       9%          2
 Petrify                  Tmut/Erth      30%        N/A       12%         4


Dungeon Overview and Level Annotations

Branches:
Dungeon (8/15)             Temple (1/1) D:6         Ossuary (visited)
   Lair: D:8-11

Altars:
Ashenzari
Cheibriados
Dithmenos
Elyvilon
Fedhas
Gozag
Hepliaklqana
Kikubaaqudgha
Makhleb
Nemelex Xobeh
Okawaru
Qazlal
Ru
Sif Muna
Trog
Uskayaw
Vehumet
Xom
Yredelemnul
Zin
The Shining One

Portals:
Abyss: D:7

Annotations:
D:3 2 transporters, Iusername's ghost, amateur DrFE
D:7 1 transporter, Dowan; Harold; dornbeast's ghost, novice GnCA


Innate Abilities, Weirdness & Mutations

You are immune to sickness and miasma.
Your stone body is resilient. (AC +7)
You are immune to poison.
You resist negative energy. (rN+)
You are resistant to electric shocks. (rElec)
You are resistant to unholy torment.
You are immune to petrification.


Message History

The killer bee misses you. The killer bee closely misses you.
The killer bee completely misses you.
The killer bee stings you but does no damage.
The killer bee misses you. The killer bee completely misses you.
Dowan and a centaur zombie come into view.
Dowan shouts!
The killer bee completely misses you. The killer bee misses you.
You barely miss the killer bee. The killer bee closely misses you.
A black bear comes into view.
The killer bee barely misses you.
Really read the scroll of immolation?
As you read the scroll of immolation, it crumbles to dust.
The creatures around you are filled with an inner flame!
The black bear growls angrily.
You hear a shout!
The killer bee stings you but does no damage.
The killer bee closely misses you.
The killer bee stings you but does no damage.
Harold the Weathered comes into view.
He is wielding a +0 trident and wearing a +3 scale mail of cold resistance.
The killer bee completely misses you. The killer bee closely misses you.
Found a scale mail and a large malachite amulet.
You sock the killer bee!
Flame seeps out of the killer bee. x2
The killer bee is severely wounded.
The killer bee is engulfed in blazing flames.
Qazlal accepts your kill.
The killer bee explodes!
Qazlal accepts your kill.
You feel a bit more experienced. The fiery explosion engulfs you!!
You hear an explosion!
The fiery explosion engulfs the black bear!!
Flame seeps out of the black bear.
The black bear is severely wounded.
The fiery explosion engulfs the killer bee!!
Qazlal accepts your kill.
The killer bee explodes!
The fiery explosion engulfs the killer bee!!
You kill the killer bee!
Qazlal accepts your kill. The fiery explosion engulfs you!!
Ouch! That really hurt!
You die...

.................?....
..................(.Z.
############..Z.......
# .#####......... #
.......#.##....
........y###...
.......y#§# ...
.......§§§## ##
.........#@#
.......h§○§#
........§§§.
...........#
............
....@.......
............
".....[.####


You could see Harold, a black bear (inner flame) and 2 killer bees.

Vanquished Creatures
  A hydra (D:6)
  A gargoyle (D:6)
  Sigmund (D:5)
  A steam dragon (D:6)
  Menkaure (D:4)
  A water moccasin (D:7)
  An ice beast (D:5)
  A sky beast (D:5)
  2 black bears
  A centaur (D:6)
  2 ogres
  3 bullfrogs
  2 scorpions
  A water moccasin skeleton (D:6)
  A water moccasin zombie (D:5)
  4 killer bees (D:7)
  3 wights (D:7)
  A howler monkey (D:2)
  6 hounds
  A jelly (D:5)
  A bullfrog skeleton (D:4)
  2 human zombies (Ossuary)
  6 iguanas
  An orc wizard (D:5)
  6 mummies
  10 adders
  A shadow imp (D:5)
  3 white imps (D:5)
  2 adder skeletons (D:4)
  A worm (D:2)
  3 dart slugs
  17 orcs
  5 ball pythons
  A bat (D:1)
  4 endoplasms
  2 giant cockroaches
  A gnoll zombie (Ossuary)
  9 goblins
  12 hobgoblins
  5 jackals (D:1)
  2 quokkas
  4 frilled lizards
  2 goblin zombies
  4 kobolds
  2 kobold zombies (Ossuary)
  3 orc zombies
  A quokka skeleton (D:3)
  13 rats
158 creatures vanquished.

Notes
Turn   | Place    | Note
-------+----------+-------------------------------------------
     0 | D:1      | VictoriousLee the Gargoyle Earth Elementalist began the
                  | quest for the Orb.
     0 | D:1      | Reached XP level 1. HP: 10/10 MP: 3/3
    34 | D:1      | Reached skill level 1 in Transmutations
   198 | D:1      | Reached XP level 2. HP: 15/15 MP: 1/5
   576 | D:1      | Found a faded altar of an unknown god.
   708 | D:1      | Reached XP level 3. HP: 19/19 MP: 4/6
   900 | D:1      | Learned a level 3 spell: Stone Arrow
  1144 | D:2      | Reached skill level 3 in Spellcasting
  1264 | D:2      | Reached XP level 4. HP: 24/24 MP: 3/8
  1341 | D:2      | Found a shadowy altar of Dithmenos.
  1426 | D:2      | Reached skill level 5 in Earth Magic
  1658 | D:2      | Reached XP level 5. HP: 28/28 MP: 5/9
  1789 | D:2      | Learned a level 2 spell: Passwall
  1847 | D:2      | Reached skill level 1 in Conjurations
  1912 | D:3      | Found a transporter.
  2115 | D:3      | Reached XP level 6. HP: 29/32 MP: 4/10
  2137 | D:3      | Found a transporter.
  2303 | D:3      | Noticed Iusername's ghost (amateur DrFE)
  2718 | D:4      | Found a radiant altar of Vehumet.
  2821 | D:4      | Noticed Menkaure
  2826 | D:4      | Killed Menkaure
  2827 | D:4      | Reached skill level 5 in Conjurations
  2827 | D:4      | Reached XP level 7. HP: 29/36 MP: 0/11
  2892 | D:4      | Found a sand-covered staircase.
  2961 | Ossuary  | Entered an ossuary
  3854 | D:4      | Found a hide-covered altar of Uskayaw.
  3884 | D:4      | Found a glowing golden altar of the Shining One.
  4271 | D:5      | Entered Level 5 of the Dungeon
  4451 | D:5      | Reached XP level 8. HP: 41/41 MP: 5/12
  4566 | D:5      | Noticed Sigmund
  4995 | D:5      | Reached skill level 4 in Spellcasting
  5191 | D:5      | Killed Sigmund
  5270 | D:5      | Reached skill level 5 in Spellcasting
  5663 | D:6      | Found a glowing silver altar of Zin.
  5760 | D:6      | Noticed a gargoyle
  5771 | D:6      | Killed a gargoyle
  5772 | D:6      | Reached skill level 6 in Spellcasting
  5772 | D:6      | Reached XP level 9. HP: 45/45 MP: 3/18
  6009 | D:6      | Reached skill level 5 in Maces & Flails
  6025 | D:6      | Noticed a five-headed hydra
  6030 | D:6      | Killed a five-headed hydra
  6031 | D:6      | Reached skill level 7 in Spellcasting
  6166 | D:6      | Found a staircase to the Ecumenical Temple.
  6183 | Temple   | Entered the Ecumenical Temple
  6370 | Temple   | Became a worshipper of Qazlal Stormbringer
  6483 | D:6      | You fall into a shaft and drop 2 floors!
  6761 | D:7      | Reached skill level 8 in Spellcasting
  6875 | D:6      | Reached XP level 10. HP: 26/50 MP: 10/22
  7295 | D:7      | Found a one-way gate to the infinite horrors of the Abyss.
  7295 | D:7      | Noticed dornbeast's ghost (novice GnCA)
  7301 | D:7      | Found a transporter.
  7330 | D:7      | Noticed Dowan
  7335 | D:7      | Noticed Harold
  7337 | D:7      | Killed by an exploding killer bee... ignited by their inner
                  | flame

Illustrated notes

Levels and vault maps discovered:
D:1:      pf_arrival_petrified_forest, layout_basic,
          hellmonk_ecumenical_altar_crossroads, minmay_pentomino_z4
D:2:      layout_rooms, basic_altar, serial_curves, eino_curves_04,
          eino_curves_04, minmay_misc_feat_alley
D:3:      layout_rooms, gammafunk_ghost_stat_death
D:4:      layout_basic, lemuel_doored_altar, mainiacjoe_overflow_two_lobes,
          nicolae_ossuary_entry_giza, uniq_menkaure
D:5:      layout_basic, uniq_sigmund
D:6:      layout_basic, kennysheep_mini_moat, minmay_temple_entry_crystal_x
D:7:      layout_cave_pods, gammafunk_ghost_abyssal_escape, uniq_harold,
          uniq_duvessa
D:8:      minmay_the_grid_triangle_9x9_rhombus_thin
          [minmay_the_grid_triangle_9x9_wacky_v,
          minmay_the_grid_triangle_9x9_prize_schism,
          minmay_the_grid_triangle_9x9_pentomino_pain,
          minmay_the_grid_triangle_9x9_shrine], layout_loops_ring, uniq_maggie
Temple:   minmay_crystal_spiral_temple

Skill      XL: |  1  2  3  4  5  6  7  8  9 |
---------------+----------------------------+-----
Transmutations | 1 |  1.0
Earth Magic    | 4 5 7 |  7.0
Spellcasting   | 3 6 8 |  8.0
Conjurations   | 3 5 7 |  7.0
Maces & Flails | 4 7 |  7.2
Staves         | |  0.5
Dodging        | |  1.5
Stealth        | |  2.1

Action                   |  1- 3 |  4- 6 |  7- 9 | 10-12 || total
-------------------------+-------+-------+-------+-------++-------
Melee: Staff             |    82 |    31 |       |       ||   113
       Unarmed           |     2 |       |       |       ||     2
       Mace              |       |     3 |    50 |       ||    53
       Flail             |       |       |    17 |     4 ||    21
 Cast: Sandblast         |    34 |    23 |    32 |       ||    89
       Stone Arrow       |       |    21 |    77 |     2 ||   100
Evoke: Wand              |       |       |     3 |       ||     3
  Use: Potion            |       |       |     1 |       ||     1
       Scroll            |       |       |     4 |     1 ||     5
 Stab: Sleeping          |     1 |     1 |     1 |       ||     3
Armor: Robe              |    16 |    11 |    29 |     3 ||    59
       Leather armour    |    19 |       |       |       ||    19
Dodge: Dodged            |    60 |    28 |    56 |    21 ||   165
